 Dungeon Crawl Stone Soup version 0.32-a0-329-ge6c31236d6 (webtiles) character file.

Game seed: 18071263645768144233

746 lunkers the Arsonist (level 7, -14/50 HPs)
             Began as a Mountain Dwarf Fire Elementalist on Feb 16, 2024.
             Was an Initiate of Ru.
             Demolished by Prince Ribbit (38 damage)
             ... on level 6 of the Dungeon.
             The game lasted 00:03:42 (3557 turns).

lunkers the Arsonist (MDFE)                         Turns: 3557, Time: 00:03:42

Health: -14/50     AC:  7    Str: 17    XL:     7   Next: 48%
Magic:  0/9        EV:  2    Int: 17    God:    Ru [......]
Gold:   151        SH:  0    Dex: 10    Spells: 6/9 levels left

rFire   . . .        a - +1 mace "Sitrus" {heavy, Will+ SInv}
rCold   . . .        h - +0 buckler
rNeg    . . .        j - +0 ring mail
rPois   .            i - +0 helmet
rElec   .            o - +0 cloak
rCorr   .            (no gloves)
SInv    +            (no boots)
Will    +....        (no amulet)
Stlth   +            d - +6 ring of strength
HPRegen 0.28/turn    (no ring)
MPRegen 0.11/turn

%: no passive effects
@: sleeping
A: runic magic, artefact enchanting
a: Renounce Religion


You were on level 6 of the Dungeon.
You worshipped Ru.
Ru was noncommittal.
You visited 1 branch of the dungeon, and saw 5 of its levels.

You collected 151 gold pieces.

Inventory:

Hand Weapons
 a - the +1 mace "Sitrus" (weapon) {heavy, Will+ SInv}
   (You took it off a gnoll bouda on level 3 of the Dungeon)

   Will+:     It increases your willpower.
   SInv:      It lets you see invisible.
 l - a +1 hand axe
 q - a +2 quarterstaff of chaos
Armour
 h - a +0 buckler (worn)
 i - a +0 helmet (worn)
 j - a +0 ring mail (worn)
 o - a +0 cloak (worn)
Jewellery
 d - a +6 ring of strength (left hand)
Scrolls
 c - a scroll of enchant weapon
Potions
 b - a potion of magic
 g - a potion of invisibility {unknown}
 k - a potion of enlightenment {unknown}
 n - a potion of lignification {unknown}


   Skills:
 - Level 1.3 Dodging
 - Level 1.4 Stealth
 - Level 1.7 Spellcasting
 - Level 0.8 Conjurations
 * Level 10.6 Fire Magic


You had 6 spell levels left.
You knew the following spells:

 Your Spells              Type           Power      Damage    Failure   Level
b - Scorch                Fire           74%        2d8       1%          2
p - Foxfire               Conj/Fire      84%        2x1d8     3%          1

Your spell library contained the following spells:

 Spells                   Type           Power      Damage    Failure   Level
 Inner Flame              Hex/Fire       19%        N/A       11%         3
 Volatile Blastmotes      Fire/Tloc      38%        2d13      11%         3
 Flame Wave               Conj/Fire      21%        2d8       28%         4


Dungeon Overview and Level Annotations

Branches:
Dungeon (4/15)
 Temple: D:4-7

Altars:
Ru

Annotations:
D:6 3 runed translucent doors, Bravepunisher's ghost, weakling SpMo; Prince Ribbit


Innate Abilities, Weirdness & Mutations

Your spellcasting is much less encumbered by armour.
You can use scrolls of enchantment on lesser artefacts.


Message History

The foxfire hits Prince Ribbit.
Prince Ribbit is moderately wounded.
The foxfire hits Prince Ribbit.
Prince Ribbit is moderately wounded.
Prince Ribbit hits you.
Casting: Foxfire (safe; 3% risk of failure)
Press: ? - help, Q - select action, (/) - cycle Dir - look around, f - activate You conjure some foxfire!
* * * LOW MAGIC WARNING * * *
The foxfire hits the sleepcap.
The sleepcap is moderately damaged.
The foxfire hits Prince Ribbit.
Prince Ribbit is heavily wounded.
Prince Ribbit blinks!
The sleepcap closely misses you. Prince Ribbit hits you!
* * * LOW HITPOINT WARNING * * *
Unknown command.
You barely miss Prince Ribbit.
Prince Ribbit is heavily wounded.
The foxfire hits Prince Ribbit.
Prince Ribbit is heavily wounded.
The foxfire hits the sleepcap.
The sleepcap is moderately damaged.
Prince Ribbit lets out a mournful croak.
Prince Ribbit blinks!
The sleepcap barely misses you. The sleepcap completely misses you.
Prince Ribbit blinks!
Unknown command.
Found a bubbling green potion.
The sleepcap releases spores at you but does no damage.
You hit Prince Ribbit.
Prince Ribbit is heavily wounded.
Prince Ribbit hits you.
* * * LOW HITPOINT WARNING * * *
The sleepcap releases spores at you.
* * * LOW HITPOINT WARNING * * *
You are engulfed in a cloud of soporific spores!
You fall asleep.
Prince Ribbit hits you!!!
Ouch! That really hurt!
You die...
Ru respects your ultimate sacrifice.

## ..# #. ##..+..#
..########. # ....+..#
........... #. #W.+..#
#.########. #..# ..#..#
#.# #. #.... s#..# #.#
#. #########..# #.# ##.
......F@...###.# ###.#
.......f.....†.## #..##
!#..............####.#.#
#........###.†......##.
#........# #.#†#######.
#..............# #..)..
#.####.$#.#..#.....###.
#. #......###.......>
#.#.#.# ########


You could see Prince Ribbit and a sleepcap.

Vanquished Creatures
  Grinder (D:3)
  Sigmund (D:2)
  3 hounds
  Crazy Yiuf (D:3)
  A gnoll bouda (D:3)
  2 iguanas (D:6)
  8 adders
  3 gnolls (D:3)
  2 dart slugs
  A ribbon worm (D:2)
  4 bats
  6 endoplasms
  2 giant cockroaches
  9 goblins
  2 hobgoblins
  4 kobolds
  3 quokkas
  9 ball pythons
  2 frilled lizards
  A rat (D:1)
65 creatures vanquished.

Vanquished Creatures (others)
  138 foxfires
138 creatures vanquished.

Grand Total: 203 creatures vanquished

Notes
Turn   | Place    | Note
-------+----------+-------------------------------------------
     0 | D:1      | lunkers the Mountain Dwarf Fire Elementalist began the
                  | quest for the Orb.
     0 | D:1      | Reached XP level 1. HP: 14/14 MP: 3/3
    65 | D:1      | Reached skill level 4 in Fire Magic
   143 | D:1      | Reached XP level 2. HP: 20/20 MP: 1/4
   410 | D:1      | Learned a level 2 spell: Scorch
   696 | D:1      | Reached skill level 5 in Fire Magic
  1003 | D:2      | Reached XP level 3. HP: 26/26 MP: 1/5
  1168 | D:2      | Found a faded altar of an unknown god.
  1392 | D:2      | Reached skill level 6 in Fire Magic
  1392 | D:2      | Reached XP level 4. HP: 33/33 MP: 2/6
  1590 | D:2      | Noticed Sigmund
  1605 | D:2      | Killed Sigmund
  1606 | D:2      | Reached skill level 7 in Fire Magic
  1606 | D:2      | Reached XP level 5. HP: 29/38 MP: 4/7
  1695 | D:2      | Reached skill level 8 in Fire Magic
  2069 | D:3      | Reached XP level 6. HP: 45/45 MP: 1/8
  2382 | D:3      | Identified the +1 mace "Sitrus" {heavy, Will+ SInv}
  2541 | D:3      | Found a sacrificial altar of Ru.
  2563 | D:3      | Noticed Grinder
  2573 | D:3      | Killed Grinder
  2574 | D:3      | Reached skill level 9 in Fire Magic
  2574 | D:3      | Reached XP level 7. HP: 33/50 MP: 1/9
  2590 | D:3      | Became a worshipper of Ru the Awakened
  2888 | D:3      | Found a runed translucent door.
  2889 | D:3      | Noticed Crazy Yiuf
  3154 | D:3      | Killed Crazy Yiuf
  3265 | D:4      | Reached skill level 10 in Fire Magic
  3418 | D:4      | You fall into a shaft and drop 2 floors!
  3539 | D:6      | Found a runed translucent gate.
  3539 | D:6      | Found a runed translucent gate.
  3547 | D:6      | Found a runed translucent gate.
  3547 | D:6      | Noticed Bravepunisher's ghost (weakling SpMo)
  3549 | D:6      | Noticed a steam dragon
  3549 | D:6      | Noticed Prince Ribbit
  3557 | D:6      | Demolished by Prince Ribbit

Illustrated notes

Levels and vault maps discovered:
D:1:      minmay_arrival_four_houses, layout_basic
D:2:      layout_rooms, nicolae_ecumenical_snake_handling, uniq_sigmund
D:3:      layout_basic, mainiacjoe_overflow_six_doors_small,
          chequers_serial_rivers_micro_e, nicolae_grassy_gnolls,
          uniq_crazy_yiuf_cottage, uniq_grinder
D:4:      layout_basic, serial_shops, shop_statue
D:6:      layout_loops_ring, gammafunk_ghost_split, hex_tiny,
          uniq_prince_ribbit1

Skill      XL: |  1  2  3  4  5  6  7 |
---------------+----------------------+-----
Fire Magic     | 4 5 6 7 8 9 10 | 10.6
Dodging        | |  1.3
Stealth        | |  1.4
Spellcasting   | |  1.7
Conjurations   | |  0.8

Action                     |  1- 3 |  4- 6 |  7- 9 || total
---------------------------+-------+-------+-------++-------
  Melee: Unarmed           |    18 |     3 |       ||    21
         Punch             |     1 |       |       ||     1
         Hand axe          |       |     9 |       ||     9
         Mace              |       |     3 |    12 ||    15
   Cast: Foxfire           |    42 |    48 |    36 ||   126
         Scorch            |     2 |     6 |     4 ||    12
    Use: Potion            |       |     1 |       ||     1
         Scroll            |       |     2 |     1 ||     3
 Armour: Robe              |     5 |       |       ||     5
         Ring mail         |       |    17 |    13 ||    30
  Dodge: Dodged            |     7 |    13 |    14 ||    34
  Block: Buckler           |     1 |     2 |     3 ||     6

Table legend: (Time is in decaauts)
 A = Elapsed time spent in this place.
 B = Non-inter-level travel time spent in this place.
 C = Inter-level travel time spent in this place.
 D = Time resting spent in this place.
 E = Time spent auto-exploring this place.
 F = Levels seen in this place.
 G = Mean time per level.
                   A        B        C        D        E       F      G
               +--------+--------+--------+--------+--------+-----+--------+
         Total |   3574 |   3457 |    117 |      0 |   3013 |   5 |  714.8 |
       Dungeon |   3574 |   3457 |    117 |      0 |   3013 |   5 |  714.8 |
               +--------+--------+--------+--------+--------+-----+--------+

Top non-repeatable levels by time:
     D:3: 1293 daAuts
     D:1: 997 daAuts
     D:2: 928 daAuts
     D:4: 210 daAuts
     D:6: 145 daAuts
